Map: 사이버 포레스트 - 래더

Players

Keen - Winner!

  • Race: Terran Terran
  • Spawn Location: 5:00

HeRoMaRinE

  • Race: Terran Terran
  • Spawn Location: 11:00

Event: IEM Season 13: Katowice (2019)

VOD

Have the link to the VOD?

Description

Time

  • Played on: Feb. 25, 2019, 6:21 a.m.
  • Length: 8:41

All games in this series

Show
View Real Time Build Order
Export as new Build Order

Keen Terran - Winner!

Build Orders: Mech 

Get SALT Encoding   

  12  0:00  SCV  
  13  0:12  SCV  
  14  0:17  Supply Depot  
  14  0:24  SCV  
  14  0:27  Refinery  
  15  0:38  SCV  
  16  0:44  Barracks  
  16  0:50  SCV  
  16  0:55  Refinery  
  17  1:02  SCV  
  18  1:14  SCV  
  19  1:31  Orbital Command  
  19  1:32  Reaper  
  20  1:37  Factory  
  20  1:43  Supply Depot  
  20  1:57  SCV  
  21  2:04  Reaper  
  22  2:09  SCV  
  23  2:21  Hellion  
  25  2:23  SCV  
  25  2:26  Command Center  
  26  2:35  SCV  
  26  2:36  Barracks Reactor  
  27  2:42  Hellion  
  29  2:45  Starport  
  29  2:48  SCV  
  30  2:52  Supply Depot  
  30  3:00  SCV  
  30  3:12  Marine  
  30  3:14  Hellion, Marine  
  30  3:16  SCV  
  35  3:22  Starport Tech Lab  
  35  3:30  Marine  
  35  3:32  Marine  
  32  3:37  Factory Tech Lab  
  32  3:38  SCV  
  31  3:47  Raven  
  32  3:50  SCV  
  32  3:52  Marine x2  
  35  3:56  Siege Tank  
  35  3:58  Orbital Command  
  35  4:02  SCV  
  39  4:09  Refinery  
  39  4:10  Marine x2  
  39  4:14  SCV  
  42  4:23  SCV, Supply Depot  
  43  4:26  SCV  
  43  4:29  Raven  
  46  4:34  Refinery  
  46  4:35  SCV  
  47  4:38  SCV  
  47  4:42  Supply Depot  
  47  4:43  Siege Tank  
  51  4:47  SCV  
  51  4:49  Supply Depot  
  51  4:51  SCV  
  53  4:59  SCV  
  54  5:03  SCV  
  55  5:10  Factory  
  55  5:11  Factory  
  55  5:12  SCV  
  56  5:14  Supply Depot  
  56  5:15  SCV  
  57  5:24  SCV  
  57  5:27  SCV  
  59  5:28  Viking  
  59  5:30  Viking  
  63  5:36  Siege Tank  
  63  5:39  SCV  
  63  5:40  SCV  
  68  5:46  Supply Depot  
  68  5:47  Barracks Reactor  
  68  5:52  Mag-Field Accelerator  
  68  5:56  SCV x2  
  70  6:01  Viking  
  70  6:02  Viking  
  74  6:09  Siege Tank  
  77  6:13  SCV x2  
  77  6:18  Cyclone, Supply Depot  
  82  6:27  Hellion x2  
  82  6:29  Supply Depot  
  82  6:30  Supply Depot  
  86  6:33  Viking  
  86  6:38  Viking  
  90  6:43  Cyclone  
  93  6:53  Cyclone, Hellion  
  93  6:54  Hellion  
  97  7:07  Viking  
  97  7:08  Viking  
  101  7:13  Supply Depot  
  101  7:15  Hellion x2  
  86  7:35  Cyclone x2  
  89  7:38  SCV x2  
  91  7:47  Hellion x2  
  95  7:59  SCV  
  94  8:07  Cyclone  
  94  8:08  Cyclone  
  100  8:20  Command Center  
  100  8:22  SCV  
  100  8:23  SCV  
Show
View Real Time Build Order
Export as new Build Order

HeRoMaRinE Terran 

Build Orders:  

Get SALT Encoding   

  12  0:00  SCV  
  13  0:12  SCV  
  14  0:17  Supply Depot  
  14  0:24  SCV  
  14  0:27  Refinery  
  15  0:38  SCV  
  16  0:44  Barracks  
  16  0:50  SCV  
  16  0:56  Refinery  
  17  1:03  SCV  
  18  1:15  SCV  
  19  1:27  SCV  
  20  1:35  Factory  
  20  1:36  Reaper  
  21  1:42  Orbital Command  
  21  1:54  Supply Depot  
  21  2:08  Reaper, SCV  
  23  2:20  SCV, Hellion  
  26  2:32  SCV  
  27  2:37  Command Center  
  27  2:41  Reaper  
  28  2:46  Hellion  
  30  2:54  Starport  
  30  2:59  Supply Depot  
  30  3:02  SCV  
  31  3:07  Factory Tech Lab  
  31  3:14  Barracks Tech Lab  
  31  3:20  SCV  
  32  3:33  SCV  
  33  3:37  Refinery  
  31  3:45  SCV  
  31  3:47  Cyclone  
  34  3:50  Orbital Command  
  34  3:53  Raven  
  36  3:57  Barracks Reactor, SCV  
  37  4:09  SCV  
  38  4:15  SCV  
  39  4:19  Cyclone  
  39  4:21  SCV  
  43  4:27  Command Center, SCV  
  44  4:35  SCV  
  44  4:36  Raven  
  49  4:39  SCV  
  49  4:45  Supply Depot  
  50  4:47  SCV  
  50  4:51  Siege Tank, Refinery, SCV  
  53  4:59  SCV  
  54  5:05  Supply Depot  
  54  5:07  SCV  
  57  5:11  SCV  
  56  5:19  SCV  
  57  5:23  Siege Tank, SCV  
  57  5:25  Stimpack, Marine  
  62  5:30  Viking  
  62  5:31  SCV, Viking  
  68  5:35  SCV  
  68  5:39  Engineering Bay x2  
  68  5:42  Orbital Command  
  68  5:44  SCV  
  68  5:48  SCV  
  70  5:58  SCV  
  70  5:59  Orbital Command  
  70  6:00  Viking, SCV  
  70  6:01  Viking  
  76  6:04  Siege Tank  
  76  6:10  SCV  
  80  6:12  SCV, Supply Depot  
  80  6:14  Marine  
  80  6:16  Supply Depot  
  82  6:19  Terran Infantry Weapons Level 1  
  82  6:21  Terran Infantry Armor Level 1  
  82  6:23  SCV  
  82  6:24  SCV  
  84  6:33  Viking x2  
  84  6:36  SCV x2  
  84  6:37  Supply Depot  
  84  6:38  SCV  
  91  6:42  Siege Tank  
  94  6:48  SCV  
  94  6:49  SCV  
  94  6:50  SCV  
  94  6:52  Marine  
  98  7:01  Barracks x2  
  98  7:03  Viking x2  
  98  7:08  SCV x3  
  103  7:14  Supply Depot  
  103  7:15  Barracks  
  105  7:16  Barracks  
  105  7:20  SCV x2  
  105  7:21  SCV  
  94  7:31  Marine  
  94  7:32  SCV x2  
  94  7:33  Viking x2, SCV  
  82  7:37  Siege Tank  
  85  7:44  Orbital Command, SCV  
  85  7:45  SCV  
  85  7:49  Marine x2  
  84  7:52  Marine  
  84  7:57  SCV x2  
  89  8:06  Marine  
  89  8:07  Marine  
  89  8:09  Siege Tank, Marine x2  
  89  8:10  Marine  

Tags
 
Add a new tag
Caveats
  • Supply blocks, unpowered buildings, or Contaminate may cause inaccurate times.
  • Supply counts are checked every 10 seconds.